Match 41530775
Unlisted

Match 41530775
End
Panzergrenadier Squad
Selects Panzerjäger Kommand Battlegroup
Panzergrenadier Squad
Construct Light Support Kompanie
Fire Support Elements
Panzerpioneer Squad
Veteran Squad Leaders
2.5-tonne Medical Truck
Assault Mechanized Group
Selects Mine Fields
Panzerjäger Squad
Selects Tank Busters
Flakvierling Half-track
Selects Crew Shock Tactics
Crew Shock Tactics
Tungsten Core Ammunition
Panzerjäger Mechanized Group
Construct Panzerarmee Kommand
Emergency Repair Kits
Armored Reserves
Panzer IV Assault Group
Crew Shock Tactics
Flakvierling Half-track
Panzerjäger Squad
Panzer IV Assault Group
Flakvierling Half-track
Rapid Advance
Crew Shock Tactics
pipiku
KevinTDW
Dromaeda
Silverstatic
0
0

Comments sign in to comment!

No comments posted yet!